 Dungeon Crawl Stone Soup version 0.28.0-49-g6dfe1f597d (webtiles) character file.

Game seed: 11818215270207558091

302 Eitelfritz the Slasher (level 6, -3/47 HPs)
             Began as a Demonspawn Gladiator on May 19, 2022.
             Slain by a gnoll
             ... wielding a +0 club
              (5 damage)
             ... on level 4 of the Dungeon.
             The game lasted 00:05:10 (3866 turns).

Eitelfritz the Slasher (Demonspawn Gladiator)       Turns: 3866, Time: 00:05:40

Health: -3/47      AC:  3    Str: 16    XL:     6   Next: 14%
Magic:  6/6        EV: 13    Int:  9    God:
Gold:   123        SH:  0    Dex: 15    Spells: 5/5 levels left

rFire   . . .      SeeInvis .   a - +1 long sword
rCold   . . .      Faith    .   (no shield)
rNeg    . . .      Spirit   .   b - +0 leather armour
rPois   .          Reflect  .   g - +0 hat
rElec   .          Harm     .   (no cloak)
rCorr   .          Rampage  .   (no gloves)
Will    .....                   (no boots)
Stlth   +.........              (no amulet)
HPRegen 0.15/turn               (no ring)
MPRegen 0.10/turn               (no ring)

@: mighty
A: antennae 2, demonic guardian 1
a: no special abilities


You were on level 4 of the Dungeon.
You visited 1 branch of the dungeon, and saw 4 of its levels.

You collected 123 gold pieces.

Inventory:

Hand Weapons
 a - a +1 long sword (weapon)
Missiles
 d - 3 throwing nets (quivered)
 m - 8 poisoned darts
 n - 5 atropa-tipped darts
Armour
 b - a +0 leather armour (worn)
 g - a +0 hat (worn)
 h - a +0 scale mail
Jewellery
 u - a ring of ice
Wands
 l - a wand of flame (26)
 t - a wand of iceblast (2)
Scrolls
 k - 3 scrolls of fear
Potions
 c - a potion of berserk rage
 e - a potion of haste
 f - a potion of resistance {unknown}
 i - a potion of brilliance {unknown}
 j - a potion of lignification {unknown}
 q - a potion of might


   Skills:
 + Level 3.3 Fighting
 + Level 4.6 Long Blades
 + Level 1.9 Throwing
 + Level 1.9 Armour
 + Level 3.5 Dodging
 + Level 0.6 Stealth


You had 5 spell levels left.
You didn't know any spells.
Your spell library contained the following spells:

 Spells                   Type           Power      Damage    Failure   Level
 Magic Dart               Conj           0%         1d3       45%         1
 Call Imp                 Summ           0%         N/A       58%         2
 Mephitic Cloud           Conj/Pois/Air  0%         N/A       83%         3


Dungeon Overview and Level Annotations

Branches:
Dungeon (4/15)
 Temple: D:4-7

Altars:
Kikubaaqudgha


Innate Abilities, Weirdness & Mutations

You have a pair of antennae on your head.
A weak demonic guardian rushes to your aid.


Message History

Blork the orc hits you with a +0 flail!
A gnoll comes into view. It is wielding a +0 club.
The gnoll shouts!
You slash Blork the orc!
You kill Blork the orc!
You have reached level 6!
Your demonic ancestry asserts itself...
You feel the presence of a demonic guardian.
Things that are here:
a +0 flail; a +0 robe A gnoll comes into view.
It is wielding a +0 club.
The gnoll shouts!
You hear a shout!
A gnoll comes into view. It is wielding a +0 spear.
You slash the gnoll!
The gnoll is severely wounded.
The gnoll hits you with a +0 club!
A gnoll comes into view. It is wielding a +0 flail.
You closely miss the gnoll.
The gnoll is severely wounded.
The gnoll misses you.
The gnoll shouts!
You slice the gnoll!!
You kill the gnoll!
The gnoll hits you with a +0 club.
The gnoll hits you from afar with a +0 spear.
You see here a +0 club.
You slash the gnoll!
The gnoll is severely wounded.
The gnoll hits you but does no damage. The gnoll hits you with a +0 club.
The gnoll hits you with a +0 spear. The gnoll hits you with a +0 flail.
* * * LOW HITPOINT WARNING * * *
You slash the gnoll!
The gnoll is severely wounded.
The gnoll completely misses you. The gnoll hits you with a +0 spear!
* * * LOW HITPOINT WARNING * * *
A demonic guardian appears!
The gnoll hits you with a +0 flail.
* * * LOW HITPOINT WARNING * * *
The gnoll hits you with a +0 club.
You die...

##..........# #...#
##...........# #...##
##............# #......
#.............###.......
##................†!.....
##................##..)...
##.............5..##
{...o. #....<.........g†.#
{.h.. ##............g@g..#
... ##.............)....#
.. #.................$.# .
##..................#
#.........<).......#
##.................#
###...............#
##.............##
#..##########.#


You could see 3 gnolls and a friendly quasit (summoned).

Vanquished Creatures
  Blork the orc (D:4)
  A wyvern skeleton (D:3)
  A water moccasin skeleton (D:4)
  A hound skeleton (D:4)
  A gnoll (D:4)
  4 adders
  A worm (D:2)
  A dart slug (D:2)
  9 ball pythons
  2 endoplasms (D:3)
  4 giant cockroaches (D:2)
  7 goblins
  9 hobgoblins
  3 jackals
  7 kobolds
  4 quokkas
  5 bats
  4 frilled lizards
  4 rats
69 creatures vanquished.

Notes
Turn   | Place    | Note
-------+----------+-------------------------------------------
     0 | D:1      | Eitelfritz the Demonspawn Gladiator began the quest for the
                  | Orb.
     0 | D:1      | Reached XP level 1. HP: 16/16 MP: 1/1
   105 | D:1      | Gained mutation: You have a pair of small antennae on your
                  | head. [demonic ancestry]
   105 | D:1      | Reached XP level 2. HP: 14/22 MP: 2/2
   279 | D:1      | Reached skill level 3 in Long Blades
   673 | D:1      | Found a faded altar of an unknown god.
  1062 | D:2      | Reached XP level 3. HP: 27/27 MP: 3/3
  1861 | D:2      | Reached XP level 4. HP: 3/34 MP: 4/4
  2248 | D:3      | Found an ancient bone altar of Kikubaaqudgha.
  2469 | D:3      | Reached skill level 4 in Long Blades
  2469 | D:3      | Reached skill level 1 in Armour
  2469 | D:3      | Gained mutation: You have a pair of antennae on your head.
                  | [demonic ancestry]
  2469 | D:3      | Reached XP level 5. HP: 10/40 MP: 5/5
  3686 | D:4      | Noticed Blork the orc
  3856 | D:4      | Killed Blork the orc
  3857 | D:4      | Gained mutation: A weak demonic guardian rushes to your
                  | aid. [demonic ancestry]
  3857 | D:4      | Reached XP level 6. HP: 38/47 MP: 6/6
  3866 | D:4      | HP: 2/47 [gnoll/+0 flail (5)]
  3866 | D:4      | Slain by a gnoll

Illustrated notes

Levels and vault maps discovered:
D:1:      lemuel_arrival_lava_pool, layout_rooms, ebering_ecumenical_altar_ruins
D:2:      layout_basic
D:3:      layout_loops_ring, mainiacjoe_overflow_tiny_flanked,
          minmay_fractal_squares_5
D:4:      layout_cave_pods, old_standard_altar, uniq_blork_the_orc

Skill      XL: |  1  2  3  4  5 |
---------------+----------------+-----
Dodging        | 3 |  3.5
Long Blades    | 3 4 |  4.6
Armour         | 1 |  1.9
Fighting       | 3 |  3.3
Throwing       | |  1.9
Stealth        | |  0.6

Action                   |  1- 3 |  4- 6 || total
-------------------------+-------+-------++-------
Melee: Long sword        |   122 |    87 ||   209
       Punch             |     1 |     2 ||     3
  Use: Scroll            |       |    10 ||    10
       Potion            |       |     1 ||     1
Armor: Leather armour    |    44 |    16 ||    60
Dodge: Dodged            |   125 |    68 ||   193
